 Dungeon Sprint DCSS version 0.27.0-1-g7a089689b8 (webtiles) character file.

Game seed: 9997755904758592630

15096 Groucho the End of an Era (level 11, -10/68 HPs)
             Began as a Demonspawn Wanderer on Aug 5, 2021.
             Was the Champion of Qazlal.
             Blown up by an eye of devastation (30 damage)
             ... with a bolt of energy
             ... in the Dungeon (Sprint V: "Ziggurat Sprint").
             The game lasted 00:07:56 (2117 turns).

Groucho the End of an Era (Demonspawn Wanderer)     Turns: 2117, Time: 00:07:57

Health: -10/68     AC: 34    Str: 26    XL:     11   Next: 97%
Magic:  10/26      EV:  7    Int: 13    God:    Qazlal [******]
Gold:   0          SH: 40    Dex: 15    Spells: 12/12 levels left

rFire    . . .     SeeInvis .   I - +6 shillelagh "Devastator" {shatter}
rCold    . . .     Faith    .   F - +18 shield of the Gong {rElec rN+ Will+ EV-5}
rNeg     + . .     Spirit   .   E - +15 Maxwell's patent armour {-Cast -Tele rElec Will+ rCorr}
rPois    .         Reflect  .   (helmet restricted)
rElec    +         Harm     .   (no cloak)
rCorr    +         Rampage  .   (no gloves)
Will     ++...     NoTele   +   (no boots) Stlth ..........NoCast +
                                (no amulet)
HPRegen  0.21/turn              v - +6 ring of strength
MPRegen  0.20/turn              w - +6 ring of strength

@: studying Fighting, repel missiles
A: antennae 1, thin metallic scales 3, demonic guardian 1, spiny 2
a: Renounce Religion, Upheaval, Elemental Force, Disaster Area


You were in the Dungeon.
You worshipped Qazlal.
Qazlal was exalted by your worship.
You visited 1 branch

Inventory:

Hand Weapons
 A - the +6 Majin-Bo {vamp, MP+6 Int+6}
   (You found it in the Dungeon)

   It occasionally heals its wielder for a portion of the damage dealt when they
   wound a living foe with it or with a spell.
   Its wielder's spells cost health as well as magical power.
   Int:       It affects your intelligence (+6).
   MP:        It affects your magic capacity (+6).
 B - the +10 dark maul {vorpal}
   (You found it in the Dungeon)

   It inflicts extra damage upon your enemies.
 C - the +9 heavy crossbow "Sniper" {vorpal, Acc+∞ SInv}
   (You found it in the Dungeon)

   Any ammunition fired from it inflicts extra damage upon your enemies.
   Any ammunition fired from it never misses its target.
   SInv:      It lets you see invisible.
 D - the +14 obsidian axe {vorpal, Drain Fly SInv}
   (You found it in the Dungeon)

   It inflicts extra damage upon your enemies.
   It occasionally summons demons to assist the wielder when it strikes in
   combat.
   Its wielder is mesmerised by any visible foes.
   It cannot be unequipped while any foes are visible.
   SInv:      It lets you see invisible.
   Fly:       It grants you flight.
   Drain:     It drains your maximum health when unequipped.
 G - the +8 lance "Wyrmbane" {slay drac, rPois rF+ rC+ AC+3}
   (You found it in the Dungeon)

   It inflicts extra damage against dragons and draconians.
   AC:        It affects your AC (+3).
   rF:        It protects you from fire.
   rC:        It protects you from cold.
   rPois:     It protects you from poison.
 H - the +13 scythe of Curses {drain, Drain}
   (You found it in the Dungeon)

   A truly terrible weapon, it drains the life of any living foe it strikes.
   It inflicts powerful necromantic curses on any living foe it strikes.
   Drain:     It drains your maximum health when unequipped.
 I - the +6 shillelagh "Devastator" (weapon) {shatter}
   (You found it in the Dungeon)

   It releases a powerful concussive burst when it strikes, dealing extra damage
   to the target and all other foes adjacent to them.
 J - the +8 storm bow {elec, penet}
   (You found it in the Dungeon)

   Any ammunition fired from it occasionally discharges a powerful burst of
   electricity upon striking a foe.
   Any ammunition fired by it passes through the targets it hits, potentially
   hitting all targets in its path until it reaches maximum range.
 K - the +5 sword of Power {vorpal}
   (You found it in the Dungeon)

   It inflicts extra damage upon your enemies.
   It occasionally discharges a powerful but inaccurate bolt of energy upon
   striking a foe, with increased chance the greater the wielder's current
   health.
 L - the +9 sword of Zonguldrok {reap}
   (You found it in the Dungeon)

   Any living foe damaged by it may be reanimated upon death as a zombie
   friendly to the wielder, with an increasing chance as more damage is dealt.
Armour
 a - +5 gold dragon scales
 E - the +15 Maxwell's patent armour (worn) {-Cast -Tele rElec Will+ rCorr}
   (You found it in the Dungeon)

   rElec:     It insulates you from electricity.
   -Cast:     It prevents spellcasting.
   -Tele:     It prevents most forms of teleportation.
   rCorr:     It protects you from acid and corrosion.
   Will:      It increases your willpower.
 F - the +18 shield of the Gong (worn) {rElec rN+ Will+ EV-5}
   (You found it in the Dungeon)

   It is deafeningly noisy when blocking attacks.
   EV:        It affects your evasion (-5).
   rElec:     It insulates you from electricity.
   rN:        It protects you from negative energy.
   Will:      It increases your willpower.
Jewellery
 q - a ring of flight
 r - a +6 ring of dexterity
 s - a +6 ring of dexterity
 t - a +6 ring of intelligence
 u - a +6 ring of intelligence
 v - a +6 ring of strength (left hand)
 w - a +6 ring of strength (right hand)
 M - a +4 ring of slaying
 N - the ring of the Red Skies {rElec AC+4 Str+6}
   (You found it in the Dungeon)

   [ring of protection]

   AC:        It affects your AC (+4).
   Str:       It affects your strength (+6).
   rElec:     It insulates you from electricity.
 O - a ring of protection from fire
 P - a ring of magical power
Wands
 x - a wand of mindburst (7)
 y - a wand of iceblast (7)
 z - a wand of acid (7)
Scrolls
 h - 4 scrolls of blinking
 m - 4 scrolls of amnesia
 n - 7 scrolls of fog
 o - 5 scrolls of identify
 p - 2 scrolls of fear
 Q - 4 scrolls of enchant armour
Potions
 b - 2 potions of brilliance
 c - 8 potions of curing
 d - 8 potions of heal wounds
 e - 6 potions of haste
 f - 7 potions of magic
 g - 3 potions of berserk rage
 i - 2 potions of invisibility
 j - 4 potions of resistance
 k - a potion of experience
 l - 6 potions of might


   Skills:
 - Level 1.0 Throwing
 + Level 12.5 Armour
 + Level 12.5 Dodging
 - Level 1.0 Stealth
 + Level 12.6 Shields
 - Level 1.7 Unarmed Combat
 - Level 1.0 Spellcasting
 - Level 4.0 Poison Magic
 * Level 22.5 Invocations


You had 12 spell levels left.
You didn't know any spells.
Your spell library contained the following spells:

 Spells                   Type           Power      Damage    Failure   Level
 Sting                    Tmut/Pois      20%        1d4       80%         1
 Poisonous Vapours        Pois/Air       10%        N/A       90%         2
 Foxfire                  Conj/Fire      0%         2x1d4     97%         1
 Sandblast                Erth           0%         2d4       97%         1
 Passwall                 Tmut/Erth      0%         N/A       99%         2
 Slow                     Hex            0%         N/A       99%         2
 Ignite Poison            Fire/Tmut/Pois 4%         N/A       99%         3
 Mephitic Cloud           Conj/Pois/Air  4%         N/A       99%         3
 Olgreb's Toxic Radiance  Pois           11%        N/A       99%         4
 Confusing Touch          Hex            0%         N/A       100%        3
 Conjure Flame            Conj/Fire      0%         6-21      100%        3
 Ozocubu's Armour         Ice            0%         N/A       100%        3
 Vampiric Draining        Necr           0%         2d6       100%        3
 Animate Dead             Necr           0%         N/A       100%        4
 Bolt of Magma            Conj/Fire/Erth 0%         4d4       100%        5
 Borgnjor's Vile Clutch   Necr/Erth      0%         N/A       100%        5
 Lee's Rapid Deconstruct  Erth           0%         3d5*      100%        5
 Summon Forest            Summ/Tloc      0%         N/A       100%        5
 Summon Mana Viper        Hex/Summ       0%         N/A       100%        5
 Death Channel            Necr           0%         N/A       100%        6
 Eringya's Noxious Bog    Tmut/Pois      2%         N/A       100%        6
 Starburst                Conj/Fire      0%         8x6d3     100%        6
 Ozocubu's Refrigeration  Ice            0%         4d5       100%        7
 Spellforged Servitor     Conj/Summ      0%         N/A       100%        7
 Summon Hydra             Summ           0%         N/A       100%        7
 Borgnjor's Revivificati  Necr           0%         N/A       100%        8
 Necromutation            Tmut/Necr      0%         N/A       100%        8
 Summon Horrible Things   Summ           0%         N/A       100%        8
 Death's Door             Necr           0%         N/A       100%        9


Dungeon Overview and Level Annotations

Branches:
Dungeon (1/1)

Altars:
Ashenzari
Cheibriados
Dithmenos
Elyvilon
Fedhas
Gozag
Hepliaklqana
Kikubaaqudgha
Makhleb
Nemelex Xobeh
Okawaru
Qazlal
Ru
Sif Muna
Trog
Uskayaw
Vehumet
Wu Jian
Xom
Yredelemnul
Zin
The Shining One
Beogh
Jiyva
Lugonu


Innate Abilities, Weirdness & Mutations

You have a pair of small antennae on your head.
You are completely covered in thin metallic scales. (AC +4, rElec)
A weak demonic guardian rushes to your aid.
You are mostly covered in sharp spines.


Message History

The blast of ice hits the glowing orange brain!!
You kill the glowing orange brain!
Qazlal accepts your kill.
The blast of magma engulfs the shining eye!!
You kill the shining eye!
Qazlal accepts your kill.
The blast of magma engulfs the slime creature!!!
You kill the slime creature!
Qazlal accepts your kill.
The blast of magma engulfs the slime creature!!
You kill the slime creature!
Qazlal accepts your kill.
Your Invocations skill increases to level 22!
Unknown command.
Unknown command.
Aiming: Upheaval
Press: ? - help, Dir - move target A storm cloud blasts the area with cutting wind!
The cutting wind hits the eye of devastation!!
The eye of devastation is almost dead.
The cutting wind hits the azure jelly!!
The azure jelly is heavily wounded.
The eye of devastation gazes at you. The bolt of energy hits you!!
* * * LOW HITPOINT WARNING * * *
A demonic guardian appears!
Unknown command.
Unknown command.
Unknown command.
Aiming: Upheaval
Press: ? - help, Dir - move target A storm cloud blasts the area with cutting wind!
The cutting wind hits the azure jelly!!!
You kill the azure jelly!
Qazlal accepts your kill.
The cutting wind hits the eye of devastation.
The eye of devastation is almost dead.
The eye of devastation gazes at you. The bolt of energy hits you!!
You die...

▓...8©8...▓.
▓..§?§≈≈).▓....|)}..▓.
▓.G§§≈§§..▓....)[.[.▓.
▓..≈≈§≈..§▓.........▓.
▓...§§...§▓...[)....▓.
▓§.≈≈≈....▓.........▓.
▓..○§..°≈≈▓.........▓.
▓§.5○○.☼≈≈▓.........▓.
▓.▓°○@.≈▓.▓.▓.....▓.▓.
▓.§.☼©....▓....©....▓▓
▓▓▓▓▓▓▓▓▓▓▓▓▓▓▓▓▓▓▓▓▓


You could see an eye of devastation (ally target) and a friendly shadow imp
(summoned).

Vanquished Creatures
  An azure jelly (D)
  A yaktaur captain (D)
  3 vault guards (D)
  3 dancing weapons (D)
  A deep elf knight (D)
  2 glowing orange brains (D)
  A spriggan druid (D)
  A wizard (D)
  2 deep elf zephyrmancers (D)
  A deep elf archer (D)
  3 deep elf pyromancers (D)
  2 necromancers (D)
  A shining eye (D)
  A yaktaur (D)
  4 slime creatures (D)
  3 air elementals (D)
  A yak (D)
  3 spriggans (D)
  A shadow (D)
  A water elemental (D)
  A golden eye (shapeshifter) (D)
  3 vampires (D)
  A golden eye (D)
  2 black bears (D)
  2 necrophages (D)
  A wolf (D)
  2 phantoms (D)
  3 wights (D)
  A crimson imp (D)
  3 quasits (D)
  A jelly (D)
  An iron imp (D)
  2 iguanas (D)
  A river rat (D)
  2 adder skeletons (D)
  An adder zombie (D)
  A bat skeleton (D)
  A bat zombie (D)
  A ball python skeleton (D)
  3 giant cockroach zombies (D)
  A jackal skeleton (D)
  A jackal zombie (D)
  3 quokka zombies (D)
74 creatures vanquished.

Notes
Turn   | Place    | Note
-------+----------+-------------------------------------------
     0 | D        | Groucho the Demonspawn Wanderer began the quest for the
                  | Orb.
     0 | D        | Groucho set off with the following items: a +0 dagger, a +0
                  | robe, a potion of curing, a potion of heal wounds, a potion
                  | of haste, 2 potions of magic, a potion of berserk rage, a
                  | scroll of blinking; and the following spells available to
                  | memorise: Sting, Poisonous Vapours, Ignite Poison, Mephitic
                  | Cloud, Olgreb's Toxic Radiance
     0 | D        | Reached XP level 1. HP: 13/13 MP: 2/2
    12 | D        | Found a shimmering blue altar of Sif Muna.
    12 | D        | Found a bloodstained altar of Trog.
    12 | D        | Found a sacrificial altar of Ru.
    12 | D        | Found a stormy altar of Qazlal.
    12 | D        | Found an iron altar of Okawaru.
    13 | D        | Found a sparkling altar of Nemelex Xobeh.
    13 | D        | Found a blossoming altar of Fedhas.
    14 | D        | Found the +6 Majin-Bo {vamp, MP+6 Int+6}
    14 | D        | Found the +9 heavy crossbow "Sniper" {vorpal, Acc+∞ SInv}
    14 | D        | Found the +10 dark maul {vorpal}
    14 | D        | Found the +15 Maxwell's patent armour {-Cast -Tele rElec
                  | Will+ rCorr}
    14 | D        | Found the +18 shield of the Gong {rElec rN+ Will+ EV-5}
    14 | D        | Found the +14 obsidian axe {vorpal, Drain Fly SInv}
    14 | D        | Found the +7 great mace "Firestarter" {inner flame, rF++}
    14 | D        | Found the +6 shillelagh "Devastator" {shatter}
    14 | D        | Found the +11 plutonium sword {Contam Stlth-}
    14 | D        | Found the +8 lance "Wyrmbane" {slay drac, rPois rF+ rC+
                  | AC+3}
    14 | D        | Found the +9 sword of Zonguldrok {reap}
    14 | D        | Found the +13 scythe of Curses {drain, Drain}
    14 | D        | Found the +5 sword of Power {vorpal}
    14 | D        | Found the +7 mace of Variability {chain chaos}
    14 | D        | Found the +7 Singing Sword {vorpal, sonic wave}
    14 | D        | Found the +8 storm bow {elec, penet}
    15 | D        | Found a transporter.
    15 | D        | Found an ancient bone altar of Kikubaaqudgha.
    15 | D        | Found a viscous altar of Jiyva.
    15 | D        | Found a corrupted altar of Lugonu.
    15 | D        | Found a hazy altar of Hepliaklqana.
    15 | D        | Found a burning altar of Makhleb.
    15 | D        | Found an opulent altar of Gozag.
    38 | D        | Became a worshipper of Qazlal Stormbringer
    70 | D        | Entered arena 2.
    70 | D        | Noticed a quasit
    70 | D        | Noticed a quasit
    70 | D        | Found a transporter.
    76 | D        | Killed a quasit
    77 | D        | Reached skill level 4 in Invocations
    77 | D        | Gained mutation: You are partially covered in thin metallic
                  | scales. (AC +2) [demonic ancestry]
    77 | D        | Reached XP level 2. HP: 16/19 MP: 3/5
    77 | D        | Gained mutation: You are mostly covered in thin metallic
                  | scales. (AC +3) [demonic ancestry]
    77 | D        | Reached XP level 3. HP: 20/24 MP: 3/6
    81 | D        | Reached skill level 6 in Invocations
   119 | D        | Entered arena 3.
   119 | D        | Found a transporter.
   121 | D        | Reached * piety under Qazlal
   126 | D        | Reached skill level 7 in Invocations
   126 | D        | Gained mutation: You are partially covered in sharp spines.
                  | [demonic ancestry]
   126 | D        | Reached XP level 4. HP: 30/30 MP: 7/9
   131 | D        | Entered arena 4.
   131 | D        | Noticed a yak
   131 | D        | Found a transporter.
   134 | D        | Reached ** piety under Qazlal
   136 | D        | Reached skill level 8 in Invocations
   136 | D        | Gained mutation: You have a pair of small antennae on your
                  | head. [demonic ancestry]
   136 | D        | Reached XP level 5. HP: 35/35 MP: 8/11
   137 | D        | Killed a yak
   138 | D        | Reached skill level 5 in Armour
   138 | D        | Reached skill level 5 in Dodging
   138 | D        | Reached skill level 5 in Shields
   138 | D        | Reached skill level 10 in Invocations
   138 | D        | Gained mutation: You are completely covered in thin
                  | metallic scales. (AC +4, rElec) [demonic ancestry]
   138 | D        | Reached XP level 6. HP: 41/41 MP: 8/13
   316 | D        | Entered arena 5.
   316 | D        | Noticed a water elemental
   316 | D        | Noticed a deep elf archer
   316 | D        | Noticed a deep elf pyromancer
   316 | D        | Noticed a deep elf pyromancer
   316 | D        | Found a transporter.
   322 | D        | Noticed a fire elemental
   322 | D        | Noticed a fire elemental
   323 | D        | Noticed a fire elemental
   325 | D        | Killed a water elemental
   325 | D        | Reached *** piety under Qazlal
   326 | D        | Reached skill level 11 in Invocations
   330 | D        | Killed a deep elf pyromancer
   331 | D        | Reached skill level 13 in Invocations
   331 | D        | Gained mutation: A weak demonic guardian rushes to your
                  | aid. [demonic ancestry]
   331 | D        | Reached XP level 7. HP: 22/46 MP: 14/17
   331 | D        | Noticed a fire elemental
   335 | D        | Killed a deep elf pyromancer
   336 | D        | Reached skill level 14 in Invocations
   336 | D        | Reached XP level 8. HP: 26/52 MP: 15/18
   345 | D        | Killed a deep elf archer
   345 | D        | Reached **** piety under Qazlal
   346 | D        | Reached skill level 15 in Invocations
   576 | D        | Entered arena 6.
   576 | D        | Noticed a deep elf pyromancer
   576 | D        | Noticed a deep elf zephyrmancer
   576 | D        | Noticed a deep elf zephyrmancer
   576 | D        | Noticed a +3 mace of venom
   576 | D        | Noticed a +0 mace of protection
   576 | D        | Found a transporter.
   578 | D        | Killed a deep elf zephyrmancer
   578 | D        | Killed a +0 mace of protection
   579 | D        | Reached skill level 16 in Invocations
   579 | D        | Reached XP level 9. HP: 40/57 MP: 11/21
   592 | D        | Killed a deep elf zephyrmancer
   592 | D        | Killed a deep elf pyromancer
   593 | D        | Reached skill level 17 in Invocations
   598 | D        | Killed a +3 mace of venom
   599 | D        | Reached skill level 10 in Shields
   599 | D        | Reached skill level 18 in Invocations
   599 | D        | Reached XP level 10. HP: 13/63 MP: 15/23
   861 | D        | Entered arena 7.
   861 | D        | Noticed a deep elf knight
   861 | D        | Noticed a +0 war axe of venom
   861 | D        | Paralysed by an air elemental for 1 turns
   862 | D        | Found the +10 morningstar "Eos" {elec, Halo rElec}
   863 | D        | Reached skill level 10 in Armour
   863 | D        | Reached skill level 10 in Dodging
   863 | D        | Reached ***** piety under Qazlal
   864 | D        | Killed a +0 war axe of venom
   865 | D        | Killed a deep elf knight
   866 | D        | Reached skill level 19 in Invocations
   866 | D        | Found a transporter.
  1096 | D        | Entered arena 8.
  1096 | D        | Noticed a vault guard
  1096 | D        | Noticed a vault guard
  1096 | D        | Noticed a wizard
  1096 | D        | Noticed a vault guard
  1096 | D        | Noticed a yaktaur captain
  1098 | D        | Killed a yaktaur captain
  1098 | D        | Killed a wizard
  1098 | D        | Killed a vault guard
  1099 | D        | Reached skill level 20 in Invocations
  1099 | D        | Gained mutation: You are mostly covered in sharp spines.
                  | [demonic ancestry]
  1099 | D        | Reached XP level 11. HP: 68/68 MP: 15/25
  1099 | D        | Killed a vault guard
  1100 | D        | Killed a vault guard
  1338 | D        | Found a transporter.
  1355 | D        | Got the ring of the Red Skies {rElec AC+4 Str+6}
  1367 | D        | Entered arena 9.
  1367 | D        | Noticed a spriggan druid
  1368 | D        | Identified the +8 trident of Dust {vorpal, Int+4}
  1368 | D        | Found a transporter.
  1369 | D        | Killed a spriggan druid
  1370 | D        | Reached skill level 21 in Invocations
  1890 | D        | Entered arena 10.
  1891 | D        | Reached ****** piety under Qazlal
  1894 | D        | Found a transporter.
  1901 | D        | Got the Handbook of Companions
  1912 | D        | Entered arena 11.
  2054 | D        | Found a transporter.
  2062 | D        | Got the Tome of Torrid Companions
  2073 | D        | Entered arena 12.
  2073 | D        | Noticed a necromancer
  2074 | D        | Noticed a necromancer
  2075 | D        | Killed a necromancer
  2075 | D        | Killed a necromancer
  2079 | D        | Found a transporter.
  2113 | D        | Entered arena 13.
  2113 | D        | Noticed a shining eye
  2113 | D        | Noticed a glowing orange brain
  2113 | D        | Noticed a glowing orange brain
  2114 | D        | Noticed an azure jelly
  2115 | D        | Killed a glowing orange brain
  2115 | D        | Killed a glowing orange brain
  2115 | D        | Killed a shining eye
  2116 | D        | Reached skill level 22 in Invocations
  2117 | D        | Killed an azure jelly
  2117 | D        | Blown up by an eye of devastation

Illustrated notes

Levels and vault maps discovered:
D:        sprint_v [room_start, room_1, room_2, room_3, room_4, room_5, room_6,
          room_7, room_8, room_9, room_10, room_11, room_12, room_13, room_14,
          room_15, room_16, room_17, room_18, room_19, room_20, room_21,
          room_22, room_23, room_24, room_25, room_26, room_27]

Skill      XL: |  1  2  3  4  5  6  7  8  9 10 11 |
---------------+----------------------------------+-----
Armour         | 2 3 5 6 7 9 11 12 | 12.5
Dodging        | 2 3 4 5 6 7 9 11 12 | 12.5
Shields        | 2 3 4 5 7 9 10 11 12 | 12.6
Invocations    | 4 7 8 10 13 14 16 18 20 22 | 22.5
Throwing       | |  1.0
Stealth        | |  1.0
Unarmed Combat | |  1.7
Spellcasting   | |  1.0
Poison Magic   | |  4.0

Action                   |  1- 3 |  4- 6 |  7- 9 | 10-12 || total
-------------------------+-------+-------+-------+-------++-------
Melee: Shillelagh        |    14 |    14 |    24 |     5 ||    57
Invok: Upheaval          |       |       |     2 |    16 ||    18
       Disaster Area     |       |       |       |     3 ||     3
  Use: Potion            |       |     1 |     3 |       ||     4
Armor: Plate armour      |    40 |    17 |    22 |     6 ||    85
Dodge: Dodged            |     4 |       |     6 |       ||    10
       Repelled          |       |       |     1 |       ||     1
Block: Kite shield       |    42 |    36 |    60 |    12 ||   150
